 Dungeon Crawl Stone Soup version 0.26.1-11-gd32895ea62 (webtiles) character file.

Game seed: 8474607800921475415

3913 Tirrikindir the Carver (level 10, -8/66 HPs)
             Began as an Octopode Fighter on June 21, 2021.
             Was an Initiate of Gozag.
             Mangled by a manticore (10 damage)
             ... on level 8 of the Dungeon.
             The game lasted 00:18:43 (9209 turns).

Tirrikindir the Carver (Octopode Fighter)           Turns: 9209, Time: 00:18:44

Health: -8/66      AC:  1    Str: 18    XL:     10   Next: 20%
Magic:  10/10      EV: 16    Int:  8    God:    Gozag
Gold:   102        SH: 13    Dex: 17    Spells: 9/9 levels left

rFire    . . .     SeeInvis .   a - +1 long sword
rCold    . . .     Faith    .   b - +2 kite shield
rNeg     . . .     Spirit   .   (helmet restricted)
rPois    .         Reflect  .   f - amulet of the acrobat
rElec    .         Harm     .   y - ring of wizardry (curse)
rCorr    .         Rampage  .   (no ring)
Will     .....                  (no ring)
Stlth    ++++......             (no ring)
HPRegen  0.21/turn              (no ring)
MPRegen  0.12/turn              (no ring)
                                (no ring)
                                (no ring)

@: no status effects
A: almost no armour, stealthy swim, amphibious, 8 rings, constrict 8, tentacle
spike 1, camouflage 1, agile 2, dopey 1, gelatinous body 1
a: Renounce Religion, Potion Petition, Call Merchant, Bribe Branch


You were on level 8 of the Dungeon.
You worshipped Gozag.
Gozag was aware of your devotion.
You visited 2 branches of the dungeon, and saw 9 of its levels.

You collected 946 gold pieces.
You paid 844 gold pieces to Gozag.

Inventory:

Hand Weapons
 a - a +1 long sword (weapon)
 o - a +2 short sword of speed
Missiles
 C - 2 boomerangs (quivered)
Armour
 b - a +2 kite shield (worn)
Jewellery
 f - an amulet of the acrobat (around mantle)
 k - an uncursed ring of ice
 r - an uncursed amulet of magic regeneration
 y - a cursed ring of wizardry (left tentacle)
Wands
 v - a wand of disintegration (13)
 B - a wand of acid (3)
Scrolls
 e - 5 scrolls of teleportation
 h - 3 scrolls of remove curse
 j - 3 scrolls of fear
 t - 3 scrolls of amnesia
 u - a scroll of immolation {unknown}
 x - a scroll of acquirement {unknown}
 A - a scroll of holy word {unknown}
Potions
 c - a potion of might
 d - a potion of curing
 g - 5 potions of heal wounds
 i - a potion of berserk rage
 l - 2 potions of magic
 m - 4 potions of cancellation
 p - a potion of brilliance
 w - a potion of flight
 z - a potion of lignification {unknown}


   Skills:
 + Level 5.3 Fighting
 * Level 9.4 Long Blades
 * Level 6.4 Dodging
 + Level 6.4 Stealth
 * Level 6.4 Shields
 + Level 4.2 Evocations


You had 9 spell levels left.
You didn't know any spells.
Your spell library contained the following spells:

 Spells                   Type           Power        Failure   Level
 Summon Small Mammal      Summ           0%           45%         1
 Call Imp                 Summ           0%           58%         2
 Call Canine Familiar     Summ           0%           80%         3
 Summon Guardian Golem    Hex/Summ       0%           80%         3
 Summon Ice Beast         Ice/Summ       0%           99%         4
 Summon Lightning Spire   Summ/Air       0%           99%         4


Dungeon Overview and Level Annotations

Branches:
Dungeon (8/15)             Temple (1/1) D:7
   Lair: D:8-11

Altars:
Ashenzari
Cheibriados
Dithmenos
Fedhas
Gozag
Kikubaaqudgha
Makhleb
Okawaru
Qazlal
Ru
Sif Muna
Trog
Uskayaw
Vehumet
Wu Jian
Xom
Yredelemnul
Zin
The Shining One

Shops:
D:4 [   D:7 =[


Innate Abilities, Weirdness & Mutations

You cannot wear most types of armour.
You are very stealthy in the water. (Stealth+)
You are amphibious.
You can wear up to eight rings at the same time.
You can use your tentacles to constrict eight enemies at once.
Your skin changes colour to match your surroundings (Stealth+).
Your rubbery body absorbs attacks. (AC +1, EV +1)
One of your tentacles bears a spike.
You are very agile. (Dex +4)
You are dopey. (Int -2)


Message History

The manticore is moderately wounded.
The manticore bites you!! The manticore completely misses you.
The manticore barely misses you.
You hit the manticore.
You pierce the manticore, but do no damage.
You squeeze the manticore.
The manticore is heavily wounded.
You block the manticore's attack. The manticore claws you.
The manticore claws you!
* * * LOW HITPOINT WARNING * * *
Aiming: Corrosive Bolt
Press: ? - help, Shift-Dir - straight line, f - manticore
Aim: a manticore (heavily wounded, 16% to evade)
The bolt of acid hits the manticore!
The manticore is splashed with acid.
The manticore is severely wounded.
The manticore bites you!
* * * LOW HITPOINT WARNING * * *
The manticore claws you!
You die...
Your body crumbles into a pile of gold.

#######.#..
.........#
........ #
...... ###.
...##
....#####...#
######........#
......H@....<.#
#######.#######
.... ###.## #.#
#.# #.# #.#


You could see a manticore.

Vanquished Creatures
  An unseen horror (D:7)
  An ugly thing (D:7)
  Eustachio (D:5)
  A yak (D:7)
  A human (D:6)
  Edmund (D:4)
  2 sky beasts (D:6)
  2 ogres (D:4)
  A phantom (D:5)
  4 centaurs
  A big kobold (D:7)
  5 bullfrogs
  3 scorpions
  3 killer bees (D:7)
  2 electric eels (D:7)
  2 bullfrog zombies
  3 hounds
  A gnoll shaman (D:7)
  4 orc wizards
  Crazy Yiuf (D:2)
  Ijyb (D:5)
  2 iguanas
  3 worker ants
  A killer bee zombie (D:7)
  A hound skeleton (D:5)
  3 howler monkey skeletons
  16 gnolls
  11 adders
  2 white imps (D:6)
  2 ufetubi
  An adder skeleton (D:5)
  4 worms
  2 dart slugs
  A leopard gecko (D:4)
  17 orcs
  6 giant cockroaches
  7 goblins
  3 hobgoblins (D:3)
  15 jackals
  4 quokkas
  2 ball pythons
  3 bats
  3 frilled lizards
  11 kobolds
  A kobold skeleton (D:6)
  A leopard gecko skeleton (D:4)
  A quokka skeleton (D:4)
  A quokka zombie (D:5)
  10 rats
175 creatures vanquished.

Vanquished Creatures (others)
  7 plants (D:7)
7 creatures vanquished.

Grand Total: 182 creatures vanquished

Notes
Turn   | Place    | Note
-------+----------+-------------------------------------------
     0 | D:1      | Tirrikindir the Octopode Fighter began the quest for the
                  | Orb.
     0 | D:1      | Reached XP level 1. HP: 16/16 MP: 1/1
   433 | D:1      | Reached XP level 2. HP: 21/21 MP: 2/2
   769 | D:1      | Reached skill level 1 in Stealth
  1142 | D:2      | Found a runed translucent door.
  1143 | D:2      | Noticed Crazy Yiuf
  1149 | D:2      | Killed Crazy Yiuf
  1150 | D:2      | Reached XP level 3. HP: 26/26 MP: 3/3
  1245 | D:2      | Reached XP level 4. HP: 31/31 MP: 4/4
  1282 | D:2      | Reached skill level 3 in Long Blades
  1481 | D:2      | Found a hide-covered altar of Uskayaw.
  1730 | D:2      | Noticed a moth of wrath
  1733 | D:2      | Found a bloodstained altar of Trog.
  1937 | D:2      | Reached XP level 5. HP: 23/36 MP: 5/5
  2989 | D:3      | Found a bloodstained altar of Trog.
  3214 | D:4      | Noticed an ogre
  3226 | D:4      | Killed an ogre
  3227 | D:4      | Reached skill level 4 in Long Blades
  3227 | D:4      | Reached XP level 6. HP: 15/43 MP: 6/6
  3518 | D:4      | Found Diyrufea's Antique Armour Boutique.
  4178 | D:4      | Gained mutation: You are partially covered in iridescent
                  | scales. (AC +2) [potion of mutation]
  4178 | D:4      | Gained mutation: Potions are less effective at restoring
                  | your health. [potion of mutation]
  4178 | D:4      | Gained mutation: You expend magic power (3 MP) to
                  | strengthen your wands. [potion of mutation]
  4298 | D:4      | Noticed Edmund
  4312 | D:4      | Killed Edmund
  4313 | D:4      | Reached XP level 7. HP: 38/48 MP: 7/7
  4532 | D:4      | Reached skill level 5 in Long Blades
  4835 | D:5      | Entered Level 5 of the Dungeon
  5053 | D:5      | Reached skill level 6 in Long Blades
  5224 | D:5      | Noticed Eustachio
  5236 | D:5      | Killed Eustachio
  5237 | D:5      | Reached skill level 7 in Long Blades
  5237 | D:5      | Reached XP level 8. HP: 42/54 MP: 8/8
  5430 | D:5      | Lost mutation: Potions are less effective at restoring your
                  | health. [potion of mutation]
  5430 | D:5      | Lost mutation: You expend magic power (3 MP) to strengthen
                  | your wands. [potion of mutation]
  5430 | D:5      | Lost mutation: You are partially covered in iridescent
                  | scales. (AC +2) [potion of mutation]
  5430 | D:5      | Gained mutation: One of your tentacles bears a spike.
                  | [potion of mutation]
  5430 | D:5      | Gained mutation: You are agile. (Dex +2) [potion of
                  | mutation]
  5430 | D:5      | Gained mutation: You are dopey. (Int -2) [potion of
                  | mutation]
  5430 | D:5      | Gained mutation: You are very agile. (Dex +4) [potion of
                  | mutation]
  5510 | D:5      | Noticed Ijyb
  5518 | D:5      | Killed Ijyb
  5532 | D:5      | Found an opulent altar of Gozag.
  5537 | D:5      | Became a worshipper of Gozag Ym Sagoz the Greedy
  5563 | D:5      | Reached skill level 1 in Evocations
  5581 | D:5      | Reached skill level 8 in Long Blades
  6400 | D:6      | Found a runed translucent door.
  6524 | D:6      | Found a basalt altar of Yredelemnul.
  6535 | D:6      | Reached XP level 9. HP: 58/59 MP: 9/9
  6915 | D:6      | Found a blossoming altar of Fedhas.
  6925 | D:6      | Reached skill level 5 in Dodging
  6929 | D:6      | Reached skill level 5 in Stealth
  6929 | D:6      | Reached skill level 5 in Shields
  7329 | D:7      | Found Gagotwus's Antique Armour Shop.
  7771 | D:7      | Noticed a purple ugly thing
  7780 | D:7      | Killed a purple ugly thing
  7781 | D:7      | Reached skill level 9 in Long Blades
  8030 | D:7      | Reached skill level 5 in Fighting
  8389 | D:7      | Found a staircase to the Ecumenical Temple.
  8398 | Temple   | Entered the Ecumenical Temple
  8682 | D:7      | Reached XP level 10. HP: 56/66 MP: 10/10
  8757 | D:7      | Killed an unseen horror
  9197 | D:8      | Noticed a manticore
  9209 | D:8      | HP: 2/66 [manticore (17)]
  9209 | D:8      | Mangled by a manticore

Illustrated notes

Levels and vault maps discovered:
D:1:      giann_forest_graveyard, layout_basic, serial_co_window_serial,
          co_window_of_opportunity_a, co_window_paths_a,
          co_window_of_opportunity_a, co_window_paths_a,
          co_window_of_opportunity_a, co_window_paths_c, co_window_corner_b,
          co_window_corner_b, co_window_corner_ca, co_window_paths_c,
          glass_columns_a, glass_columns_a, glass_columns_b
D:2:      layout_loops_ring, lemuel_crystal_altar, tgw_trog,
          uniq_crazy_yiuf_cottage
D:3:      layout_loops_ring, marbit_many_paths,
          minmay_fractal_squares_diagonal_5
D:4:      layout_gridville, serial_shops, shop, uniq_edmund
D:5:      layout_basic, lemuel_doored_altar, uniq_ijyb, uniq_eustachio
D:6:      layout_rooms, fedhas_altar_2, serial_corexii_hall,
          chequers_hall_statues_wall_a, chequers_hall_statues_wall_a,
          corexii_hall_statues_i, dk_yredelemnul_ordeal
D:7:      layout_cave_pools, minmay_temple_entry_slanted, serial_shops,
          nicolae_shop_overgrown_old_shop, serial_bayou_ford_a, kb_rosetta
D:8:      kennysheep_spiral_hall, layout_basic, nicolae_overflow_hidden_temple
Temple:   regret_index_temple_waves

Skill      XL: |  1  2  3  4  5  6  7  8  9 |
---------------+----------------------------+-----
Stealth        | 1 2 3 4 6 |  6.4
Long Blades    | 3 4 7 8 9 |  9.4
Fighting       | 4 5 |  5.3
Dodging        | 4 6 |  6.4
Shields        | 4 6 |  6.4
Evocations     | 2 4 |  4.2

Action                   |  1- 3 |  4- 6 |  7- 9 | 10-12 || total
-------------------------+-------+-------+-------+-------++-------
Melee: Long sword        |    36 |   105 |   248 |     9 ||   398
       Constrict         |     8 |    33 |    74 |     1 ||   116
       Tentacles         |     6 |    26 |    68 |     2 ||   102
       Kick              |       |       |    74 |     5 ||    79
Throw: Dart              |       |     3 |     9 |       ||    12
Invok: Call Merchant     |       |       |       |     1 ||     1
Evoke: Wand              |       |       |       |     8 ||     8
  Use: Scroll            |     7 |     6 |     4 |     3 ||    20
       Potion            |     1 |     2 |     5 |       ||     8
 Stab: Sleeping          |     9 |     8 |    15 |       ||    32
       Distracted        |       |     2 |     1 |       ||     3
Armor: Skin              |     2 |     4 |    12 |       ||    18
Dodge: Dodged            |    13 |    42 |    95 |    12 ||   162
Block: Kite shield       |    14 |    40 |   157 |    15 ||   226
       Rpst.: Long sword |     3 |    12 |    26 |       ||    41
